 Dungeon Crawl Stone Soup version 0.22-a0-322-g60b3cfd (webtiles) character file.

120546 RoseArtemis the Executioner (level 16, -1/152 HPs)
             Began as a Minotaur Fighter on Apr 5, 2018.
             Was the Champion of Okawaru.
             Blown up by an orb spider (47 damage)
             ... with an orb of destruction
             ... on level 3 of the Spider Nest.
             The game lasted 01:00:55 (28436 turns).

RoseArtemis the Executioner (Minotaur Fighter)     Turns: 28436, Time: 01:00:56

Health: -1/152     AC: 29    Str: 22    XL:     16   Next: 30%
Magic:  22/22      EV: 13    Int:  9    God:    Okawaru [******]
Gold:   1247       SH:  6    Dex: 17    Spells: 15/15 levels left

rFire    + + .     SeeInvis .   a - +5 executioner's axe (vamp)
rCold    + . .     Gourm    .   (shield currently unavailable)
rNeg     + . .     Faith    .   k - +6 plate armour {rF+}
rPois    +         Spirit   .   U - +2 hat {Int+3}
rElec    +         Reflect  +   Z - scarf {rC+ rF+}
rCorr    +         Harm     .   T - +2 pair of gloves of Tefa {*Contam rElec rN+ Dex+2}
MR       +....                  Q - +1 pair of boots "Cevveigo" {Slay+3}
Stlth    ..........             N - +6 amulet of reflection
HPRegen  0.35/turn              O - ring of poison resistance
MPRegen  0.18/turn              E - ring of resist corrosion

@: lethally poisoned (-1 -> -17), studying Maces & Flails
A: retaliatory headbutt, horns 2
a: Heroism, Finesse, Renounce Religion


You were on level 3 of the Spider Nest.
You worshipped Okawaru.
Okawaru was exalted by your worship.
You were very hungry.

You visited 5 branches of the dungeon, and saw 27 of its levels.
You also visited: Sewer.

You collected 2454 gold pieces.
You spent 1207 gold pieces at shops.

Inventory:

Hand Weapons
 a - a +5 vampiric executioner's axe (weapon)
Armour
 k - a +6 plate armour of fire resistance (worn)
 Q - the +1 pair of boots "Cevveigo" (worn) {Slay+3}
   (Okawaru gifted it to you on level 5 of the Lair of Beasts)

   It affects your accuracy and damage with ranged weapons and melee attacks
   (+3).
 T - the +2 pair of gloves of Tefa (worn) {*Contam rElec rN+ Dex+2}
   (You found it on level 3 of the Lair of Beasts)

   It affects your dexterity (+2).
   It insulates you from electricity.
   It protects you from negative energy.
   It causes magical contamination when unequipped.
 U - a +2 hat of intelligence (worn)
 Z - a scarf of resistance (worn)
Jewellery
 c - an uncursed ring of magical power
 E - a ring of resist corrosion (right hand)
 N - a +6 amulet of reflection (around neck)
 O - a ring of poison resistance (left hand)
 V - a +4 ring of intelligence
Wands
 o - a wand of random effects (32)
 y - a wand of enslavement (28)
 B - a wand of disintegration (14)
 D - a wand of paralysis (19)
 H - a wand of acid (17)
 L - a wand of digging (15)
 P - a wand of flame (40)
 R - a wand of clouds (3)
 Y - a wand of iceblast (9)
Scrolls
 b - 3 scrolls of blinking
 m - a scroll of noise {unknown}
 p - 13 scrolls of teleportation
 q - 4 scrolls of amnesia
 r - 4 scrolls of immolation
 v - 13 scrolls of remove curse
 w - 2 scrolls of fear
 z - 6 scrolls of magic mapping
 G - 3 scrolls of random uselessness {unknown}
 I - a scroll of holy word {unknown}
 J - a scroll of brand weapon
 K - a scroll of silence
Potions
 d - 5 potions of might
 e - 13 potions of curing
 g - a potion of magic
 h - 8 potions of flight
 j - 5 potions of brilliance
 l - 6 potions of degeneration
 n - 5 potions of heal wounds
 s - a potion of cancellation
 t - a potion of lignification
 u - 5 potions of haste
 x - a potion of invisibility
 A - 3 potions of ambrosia
 C - a potion of berserk rage
 F - 3 potions of agility
 W - 2 potions of resistance
 X - 3 potions of mutation {unknown}
Books
 S - a manual of Maces & Flails
Comestibles
 f - 24 rations


   Skills:
 + Level 16.4 Fighting
 * Level 21.6 Axes
 - Level 12.1 Armour
 + Level 11.3 Dodging
   Level 3.6 Shields
 - Level 10.0 Invocations


You had 15 spell levels left.
You didn't know any spells.

Dungeon Overview and Level Annotations

Branches:
Dungeon (15/15)            Temple (1/1) D:6            Lair (6/6) D:10
 Shoals (0/4) Lair:4       Spider (3/4) Lair:2        Slime (0/5) Lair:6
    Orc (2/2) D:12            Elf (0/3) Orc:2        Vaults (0/5) D:14
 Depths (0/5) D:15

Altars:
Ashenzari
Cheibriados
Dithmenos
Elyvilon
Fedhas
Gozag
Hepliaklqana
Kikubaaqudgha
Makhleb
Nemelex Xobeh
Okawaru
Qazlal
Ru
Sif Muna
Trog
Uskayaw
Vehumet
Wu Jian
Xom
Yredelemnul
Zin
The Shining One
Beogh
Jiyva

Shops:
D:4 (   D:14 *   Orc:2 %:[*

Annotations:
Lair:3 exclusion: 3 oklob plants


Innate Abilities, Weirdness & Mutations

You reflexively headbutt those who attack you in melee.
You have a pair of horns on your head.


Message History

You slice the tarantella!!
You kill the tarantella!
Okawaru accepts your kill.
You closely miss the redback.
You feel very sick. The redback bites you.
The orb spider begins to weave its threads into a brightly glowing ball.
The redback bites you but does no damage.
You miss the redback.
You kill the redback!
Okawaru accepts your kill.
You feel sick.
You feel very sick.
The orb spider weaves a glowing orb of energy.
An orb of destruction comes into view.
You see here a redback corpse.
You feel sick.
You feel very sick.
You feel sick. The orb of destruction hits you!
You die...

## ### #.###.##
#...s@.# ##
#....§.####..#.
#....§§........
##...††§§......
#.....#.#s..##.
##....#..^....^
##...##..#....
#.†..####....
##††.# # ...


You could see 2 orb spiders.

Vanquished Creatures
  Kirke (D:15)
  A fire giant (D:15)
  An orc warlord (Orc:2)
  A ghost moth (Spider:2)
  An emperor scorpion (Spider:1)
  3 entropy weavers
  4 dire elephants (Lair:6)
  Azrael (Orc:2)
  Josephine (Lair:5)
  An ettin (D:14)
  Fannar (Lair:2)
  An anaconda (Lair:6)
  8 hydras
  3 centaur warriors
  A two-headed ogre (Orc:1)
  A death knight (D:14)
  3 death yaks (Lair:5)
  5 orc high priests (Orc:2)
  4 skeletal warriors (D:14)
  7 unseen horrors
  A lindwurm (D:14)
  A wizard (D:14)
  A deep elf mage (D:13)
  6 orc knights
  5 orb spiders
  Pikel (D:6)
  9 wolf spiders
  2 cyclopes
  An oklob plant (Lair:3)
  A wolf spider zombie (D:15)
  10 slime creatures
  A faun (shapeshifter) (D:14)
  4 manticores
  10 elephants (Lair:6)
  2 centaur zombies
  2 black mambas
  4 torpor snails
  A gargoyle (D:15)
  4 yaktaurs (D:15)
  6 komodo dragons
  A redback zombie (D:14)
  12 spiny frogs
  8 demonic crawlers
  3 rime drakes
  23 jumping spiders
  2 hornets
  11 trolls
  Grinder (D:6)
  11 blink frogs
  9 hippogriffs
  22 tarantellas
  3 wraiths (Lair:5)
  Sigmund (D:2)
  48 redbacks
  A shadow (D:13)
  A vampire (D:12)
  3 wyverns
  4 hogs (D:15)
  59 yaks
  Eustachio (D:5)
  3 steam dragons
  2 fire elementals (Orc:2)
  A human (D:8)
  6 hungry ghosts
  2 wargs
  A soldier ant (D:13)
  An acid dragon (D:12)
  18 water moccasins
  6 hell hounds (Orc:2)
  11 porcupines
  36 orc warriors
  3 ice beasts
  A black bear (shapeshifter) (D:14)
  2 black bears
  A hornet zombie (D:10)
  11 ogres
  2 phantoms (D:7)
  6 sky beasts
  16 centaurs
  A necrophage (D:8)
  3 slaves (D:6)
  20 wolves
  12 crocodiles
  15 bullfrogs
  8 big kobolds
  2 gnoll sergeants (D:7)
  A wyvern skeleton (D:12)
  4 scorpions
  6 killer bees (D:11)
  7 wights
  4 howler monkeys
  3 electric eels
  10 crimson imps
  A bullfrog zombie (D:12)
  4 jellies
  2 hounds
  3 bullfrog skeletons
  3 iguanas
  32 orc priests
  4 centaur skeletons
  Jessica (D:2)
  5 hell rats (Lair:5)
  23 orc wizards
  7 worker ants
  A statue (D:8)
  A hound zombie (D:8)
  A hound skeleton (D:10)
  A howler monkey skeleton (D:4)
  2 worker ant zombies
  13 adders
  12 gnolls
  2 shadow imps (D:7)
  3 adder skeletons
  2 worms (D:3)
  2 dart slugs
  3 leopard geckos
  74 orcs
  2 ball pythons
  4 giant cockroaches
  6 goblins
  3 hobgoblins (D:2)
  17 jackals
  3 quokkas
  10 bats
  7 frilled lizards
  A jackal skeleton (D:4)
  33 kobolds
  13 rats
  5 bushes (Lair:3)
  9 fungi
  33 plants
918 creatures vanquished.

Vanquished Creatures (others)
  2 jumping spiders (Spider:1)
  A centaur (Lair:4)
  4 fungi
  4 plants
11 creatures vanquished.

Grand Total: 929 creatures vanquished

Notes
Turn   | Place    | Note
-------+----------+-------------------------------------------
     0 | D:1      | RoseArtemis the Minotaur Fighter began the quest for the Orb.
     0 | D:1      | Reached XP level 1. HP: 19/19 MP: 0/0
   661 | D:2      | Reached skill level 3 in Axes
   661 | D:2      | Reached XP level 2. HP: 25/27 MP: 1/1
   694 | D:2      | Noticed Sigmund
   714 | D:2      | HP: 1/27 [something (2)]
   715 | D:2      | Killed Sigmund
   715 | D:2      | Reached skill level 5 in Axes
   715 | D:2      | Reached XP level 3. HP: 1/35 MP: 2/2
   715 | D:2      | Reached XP level 4. HP: 2/41 MP: 3/3
   715 | D:2      | Reached XP level 5. HP: 2/47 MP: 4/4
  1097 | D:2      | Noticed Jessica
  1101 | D:2      | Killed Jessica
  1136 | D:2      | Reached skill level 5 in Fighting
  1173 | D:2      | Reached skill level 5 in Armour
  1235 | D:2      | Found a white marble altar of Elyvilon.
  1926 | D:3      | Reached XP level 6. HP: 56/56 MP: 5/5
  2174 | D:3      | Found a glowing drain.
  2189 | Sewer    | Entered a sewer
  2211 | Sewer    | Reached skill level 6 in Axes
  2353 | Sewer    | Reached XP level 7. HP: 51/62 MP: 6/6
  2415 | Sewer    | Reached skill level 7 in Axes
  2836 | D:4      | Found Tikuk's Antique Weapon Shoppe.
  2953 | D:4      | Found a shadowy altar of Dithmenos.
  2953 | D:4      | Found a basalt altar of Yredelemnul.
  3657 | D:5      | Entered Level 5 of the Dungeon
  3657 | D:5      | Noticed Eustachio
  3761 | D:5      | Reached skill level 8 in Axes
  3853 | D:5      | Killed Eustachio
  3853 | D:5      | Reached XP level 8. HP: 41/71 MP: 7/7
  4438 | D:6      | Reached skill level 9 in Axes
  4485 | D:6      | Found a staircase to the Ecumenical Temple.
  4491 | D:6      | Noticed Pikel
  4501 | D:6      | Killed Pikel
  4506 | Temple   | Entered the Ecumenical Temple
  4568 | Temple   | Became a worshipper of Warmaster Okawaru
  4624 | D:6      | Found a stormy altar of Qazlal.
  4654 | D:6      | Reached skill level 10 in Axes
  4905 | D:6      | Found an opulent altar of Gozag.
  5005 | D:6      | Noticed Grinder
  5014 | D:6      | Killed Grinder
  5014 | D:6      | Reached XP level 9. HP: 74/81 MP: 8/8
  5298 | D:7      | Reached * piety under Okawaru
  5590 | D:7      | Reached skill level 11 in Axes
  6106 | D:7      | Reached ** piety under Okawaru
  6421 | D:7      | Reached skill level 12 in Axes
  6634 | D:7      | Reached XP level 10. HP: 91/91 MP: 9/9
  6910 | D:7      | You fall through a shaft!
  6918 | D:8      | Reached *** piety under Okawaru
  7039 | D:8      | Reached skill level 1 in Invocations
  7731 | D:8      | Found a radiant altar of Vehumet.
  7805 | D:8      | Found a sacrificial altar of Ru.
  7805 | D:8      | Found a deep blue altar of Sif Muna.
  7806 | D:8      | Found a glowing golden altar of the Shining One.
  8142 | D:8      | Reached skill level 10 in Armour
  8144 | D:8      | Reached skill level 10 in Fighting
  8145 | D:8      | Reached **** piety under Okawaru
  8145 | D:8      | Reached skill level 13 in Axes
  9284 | D:9      | Reached XP level 11. HP: 89/101 MP: 12/12
  9292 | D:9      | Reached ***** piety under Okawaru
  9576 | D:10     | Entered Level 10 of the Dungeon
  9842 | D:10     | Killed an unseen horror
  9875 | D:10     | Reached skill level 14 in Axes
  9939 | D:10     | Killed an unseen horror
 10075 | D:10     | Found a staircase to the Lair.
 10189 | Lair:1   | Entered Level 1 of the Lair of Beasts
 11232 | Lair:2   | Found a hole to the Spider Nest.
 11237 | Lair:2   | Received a gift from Okawaru
 11237 | Lair:2   | Reached skill level 5 in Invocations
 11624 | Lair:2   | Noticed Fannar
 11649 | Lair:2   | Killed Fannar
 11750 | Lair:2   | Reached skill level 15 in Axes
 12392 | Lair:2   | Received a gift from Okawaru
 12512 | Lair:2   | Reached XP level 12. HP: 48/110 MP: 15/15
 13688 | Lair:3   | Reached ****** piety under Okawaru
 13717 | Lair:3   | Reached skill level 16 in Axes
 13717 | Lair:3   | Reached skill level 1 in Dodging
 13940 | Lair:3   | Got a pair of twisted gloves
 13951 | Lair:3   | Identified the +2 pair of gloves of Tefa {*Contam rElec rN+ Dex+2} (You found it on level 3 of the Lair of Beasts)
 15374 | Lair:4   | Received a gift from Okawaru
 15870 | Lair:4   | Found a staircase to the Shoals.
 16194 | Lair:5   | Noticed a four-headed hydra
 16206 | Lair:5   | Killed a six-headed hydra
 16206 | Lair:5   | Reached XP level 13. HP: 101/119 MP: 9/17
 16834 | Lair:5   | Received a gift from Okawaru
 16837 | Lair:5   | Got a pair of ichor-stained boots {god gift}
 16844 | Lair:5   | Reached skill level 17 in Axes
 16855 | Lair:5   | Identified the +1 pair of boots "Cevveigo" {Slay+3} (Okawaru gifted it to you on level 5 of the Lair of Beasts)
 16945 | Lair:5   | Noticed Josephine
 16952 | Lair:5   | Killed Josephine
 17535 | Lair:6   | Entered Level 6 of the Lair of Beasts
 17609 | Lair:6   | Reached skill level 5 in Dodging
 18012 | Lair:6   | Received a gift from Okawaru
 18628 | Lair:6   | Found a runed door.
 18628 | Lair:6   | Found a viscous altar of Jiyva.
 18628 | Lair:6   | Found a staircase to the Slime Pits.
 18635 | Lair:6   | Reached skill level 18 in Axes
 19065 | Lair:6   | Noticed a dire elephant
 19065 | Lair:6   | Noticed a dire elephant
 19071 | Lair:6   | Noticed a dire elephant
 19075 | Lair:6   | Killed a dire elephant
 19075 | Lair:6   | Reached XP level 14. HP: 50/130 MP: 11/19
 20005 | D:11     | Received a gift from Okawaru
 21507 | D:12     | Found a staircase to the Orcish Mines.
 21974 | Orc:1    | Entered Level 1 of the Orcish Mines
 22443 | Orc:2    | Entered Level 2 of the Orcish Mines
 22489 | Orc:2    | Found a roughly hewn altar of Beogh.
 22527 | Orc:2    | Reached skill level 10 in Invocations
 22538 | Orc:2    | Reached skill level 19 in Axes
 22542 | Orc:2    | Noticed an orc warlord
 22564 | Orc:2    | Killed an orc warlord
 22652 | Orc:2    | Noticed Azrael
 22662 | Orc:2    | Killed Azrael
 23667 | Orc:2    | Reached XP level 15. HP: 139/139 MP: 21/21
 23683 | Orc:2    | Found Zomamaamm's Book Shop.
 23686 | Orc:2    | Found Wiskouro's Antique Armour Boutique.
 23687 | Orc:2    | Found Deuczak's Food Shop.
 23688 | Orc:2    | Found Cudiegamn's Assorted Antiques.
 23692 | Orc:2    | Bought a runed plate armour for 572 gold pieces
 23847 | Orc:2    | Found a staircase to the Elven Halls.
 23978 | D:13     | Received a gift from Okawaru
 24608 | D:14     | Reached skill level 15 in Fighting
 24697 | D:14     | Reached skill level 20 in Axes
 25014 | D:14     | Found a shimmering altar of Xom.
 25050 | D:14     | Found Xalydu Yquha's Assorted Antiques.
 25059 | D:14     | Bought a potion of might for 124 gold pieces
 25059 | D:14     | Bought a potion of curing for 93 gold pieces
 25059 | D:14     | Bought a scroll of identify for 62 gold pieces
 25059 | D:14     | Bought a scroll of identify for 62 gold pieces
 25059 | D:14     | Bought a scroll of identify for 62 gold pieces
 25059 | D:14     | Bought a scroll of enchant weapon for 232 gold pieces
 25240 | D:14     | Found a gate to the Vaults.
 25379 | D:15     | Entered Level 15 of the Dungeon
 25404 | D:15     | Found a staircase to the Depths.
 25404 | D:15     | Noticed a fire giant
 25414 | D:15     | Killed a fire giant
 25414 | D:15     | Received a gift from Okawaru
 25429 | D:15     | Noticed Kirke
 25469 | D:15     | Killed Kirke
 25640 | D:15     | Reached skill level 10 in Dodging
 26367 | Spider:1 | Entered Level 1 of the Spider Nest
 27258 | Spider:1 | Reached skill level 21 in Axes
 27757 | Spider:2 | Received a gift from Okawaru
 27757 | Spider:2 | Reached XP level 16. HP: 143/151 MP: 22/22
 27776 | Spider:2 | Identified the +2 pair of gloves of Supple Strength {rC+} (Okawaru gifted it to you on level 2 of the Spider Nest)
 27777 | Spider:2 | Identified a +1 pair of boots of running (Okawaru gifted it to you on level 15 of the Dungeon)
 28436 | Spider:3 | Blown up by an orb spider

Vault maps used:
D:1:      minmay_arrival_open_corners
D:2:      lemuel_upstairs_altar, elyvilon_altar_4, serial_curves,
          eino_curves_03, eino_curves_01, first_ration,
          kennysheep_jessica_study, uniq_sigmund
D:3:      cheibrodos_sewer_entry_bend
D:4:      gammafunk_temple_overflow_elements, serial_shops,
          kennysheep_little_box
D:5:      eino_curves_04, uniq_eustachio
D:6:      nicolae_gozag_cash_rules_everything_around_me, grunt_qazlal_clouds,
          minmay_temple_entry_statues_fountains, serial_bayou_pond_a,
          uniq_grinder, uniq_pikel
D:7:      corexii_hall_statues_l
D:8:      gammafunk_temple_overflow_claw, vehumet_statue, grunt_pizzeria
D:10:     grunt_lair_entry_orc_guard_hut
D:12:     orc_0_dummy
D:14:     david_vaults_4, wad_floor_pattern_untrapped, serial_shops, shop,
          basic_altar
D:15:     grunt_enter_depths_giant_problem, palyth_stone_intersect, uniq_kirke
Temple:   cyrus_circular_temple
Lair:1:   guppyfry_lair_drakes, infiniplex_staircase_pool_2
Lair:2:   nicolae_spider_entry_tight_spaces, uniq_fannar
Lair:3:   wad_woods_structure_01, infiniplex_staircase_pool,
          minmay_lair_oklob_chamber, grunt_megastairs_3, serial_bayou_shore_b
Lair:4:   minmay_shoals_entry_centaurs
Lair:5:   beast_lair_carwin_large_1, uniq_josephine
Lair:6:   due_jungle_book, slime_altar_2
Spider:1: nicolae_spider_webs_and_nodes
Orc:2:    st_orc_pillars, basic_altar, uniq_azrael
Sewer:    kennysheep_pipe_town

Skill      XL: |  1  2  3  4  5  6  7  8  9 10 11 12 13 14 15 16 |
---------------+-------------------------------------------------+-----
Axes           | 3 5 6 8 10 12 13 15 16 18 19 21 | 21.6
Fighting       | 4 5 6 8 9 10 11 12 13 14 16 | 16.4
Armour         | 4 5 6 8 9 10 11 12 | 12.1
Invocations    | 3 5 7 9 10 | 10.0
Dodging        | 3 6 8 10 11 | 11.3
Shields        | |  3.6

Action                   |  1- 3 |  4- 6 |  7- 9 | 10-12 | 13-15 | 16-18 || total
-------------------------+-------+-------+-------+-------+-------+-------++-------
Melee: War axe           |    43 |   157 |   262 |    59 |       |       ||   521
       Headbutt          |     6 |    21 |    65 |   191 |   269 |    20 ||   572
       Battleaxe         |       |       |       |   287 |       |       ||   287
       Executioner's axe |       |       |       |   357 |   958 |   111 ||  1426
Invok: Heroism           |       |       |       |     6 |    13 |       ||    19
       Finesse           |       |       |       |     4 |    13 |       ||    17
Evoke: Wand              |       |       |       |     5 |     3 |       ||     8
  Use: Scroll            |       |     5 |     7 |     8 |    25 |     4 ||    49
       Potion            |       |       |       |     3 |     1 |     2 ||     6
  Eat: Chunk             |       |     5 |    15 |    22 |    26 |     2 ||    70
       Ration            |       |       |       |     5 |     5 |       ||    10
Armor: Scale mail        |    13 |    78 |    91 |    41 |       |       ||   223
       Plate armour      |       |       |       |   396 |   712 |   157 ||  1265
Dodge: Dodged            |    14 |    52 |    60 |   214 |   532 |   104 ||   976
Block: Shield            |    30 |    91 |   158 |    25 |       |       ||   304
       Other             |       |       |       |    59 |   287 |    57 ||   403
       Reflection        |       |       |       |     2 |    13 |       ||    15

Table legend:
 A = Spawn XP
 B = Non-spawn XP
 C = Spawn XP percentage of total XP
 D = Spawn monster count
 E = Non-spawn monster count
 F = Spawn count percentage of total count
 G = Total turns spent on level
                    A         B        C        D         E        F      G
               +---------+---------+-------+---------+---------+-------+---------
         Total |       0 |  172209 |   0.0 |       0 |     870 |   0.0 | 28436
               +---------+---------+-------+---------+---------+-------+---------
           D:1 |       0 |       9 |   0.0 |       0 |       6 |   0.0 |   932
           D:2 |       0 |     335 |   0.0 |       0 |      33 |   0.0 |   691
           D:3 |       0 |      91 |   0.0 |       0 |      27 |   0.0 |   867
           D:4 |       0 |     281 |   0.0 |       0 |      10 |   0.0 |   967
           D:5 |       0 |     422 |   0.0 |       0 |       7 |   0.0 |   606
           D:6 |       0 |    1551 |   0.0 |       0 |      17 |   0.0 |   939
           D:7 |       0 |    3023 |   0.0 |       0 |      48 |   0.0 |  1967
           D:8 |       0 |    2418 |   0.0 |       0 |      33 |   0.0 |  1424
           D:9 |       0 |    2894 |   0.0 |       0 |      35 |   0.0 |   857
          D:10 |       0 |    2997 |   0.0 |       0 |      15 |   0.0 |   680
          D:11 |       0 |    4790 |   0.0 |       0 |      30 |   0.0 |  1105
          D:12 |       0 |    8176 |   0.0 |       0 |      44 |   0.0 |  1081
          D:13 |       0 |    2891 |   0.0 |       0 |      19 |   0.0 |   663
          D:14 |       0 |   13187 |   0.0 |       0 |      30 |   0.0 |   854
          D:15 |       0 |   12838 |   0.0 |       0 |      31 |   0.0 |   828
        Lair:1 |       0 |    1973 |   0.0 |       0 |      11 |   0.0 |   987
        Lair:2 |       0 |    5483 |   0.0 |       0 |      22 |   0.0 |  2055
        Lair:3 |       0 |   11458 |   0.0 |       0 |      55 |   0.0 |  2105
        Lair:4 |       0 |    3912 |   0.0 |       0 |      22 |   0.0 |  1028
        Lair:5 |       0 |    9540 |   0.0 |       0 |      29 |   0.0 |  1373
        Lair:6 |       0 |   23604 |   0.0 |       0 |      59 |   0.0 |  2130
      Spider:1 |       0 |   19129 |   0.0 |       0 |      58 |   0.0 |  1357
      Spider:2 |       0 |   13561 |   0.0 |       0 |      37 |   0.0 |   642
      Spider:3 |       0 |    6947 |   0.0 |       0 |      22 |   0.0 |    70
         Orc:1 |       0 |    3453 |   0.0 |       0 |      40 |   0.0 |   472
         Orc:2 |       0 |   16823 |   0.0 |       0 |     106 |   0.0 |  1430
         Sewer |       0 |     423 |   0.0 |       0 |      24 |   0.0 |   248
               +---------+---------+-------+---------+---------+-------+---------
